AoeStats
← 买彩票刮出欠条

Pilgrims

507647494Analyzed
3v3 RM · 14d ago on Sep 19, 2026· 36m 45s· 6 players
Game mode
Random Map
Map size
Normal (6 player)
Population
200
Speed
Normal
Resources
Standard
Victory
Conquest
Starting age
Dark Age
Ending age
Imperial Age
RankedLock teamsTeams togetherTeam positionsShared explorationLock speedFull tech treeHidden civsTurbo modeCheats
Victory
Defeat
🇪🇸 Dravidians · Spain
1347
+16
🇨🇳 Romans · China
1331
+17
🇹🇼 Berbers · Taiwan
1327
+17
🇨🇴 Sicilians · Colombia
1372
-17
🇨🇴 Persians · Colombia
1354
-17
🇨🇴 Tatars · Colombia
1327
-16
IAMDAGG
5:04 Loom
10:35 Feudal Age
11:33 Double-Bit Axe
19:25 Castle Age
21:52 Fletching
CARANZA
4:20 Loom
12:38 Feudal Age
13:11 Double-Bit Axe
24:14 Castle Age
22:02 Horse Collar
22:42 Fletching
22:53 Padded Archer Armor
22:51 Gold Mining
25:13 Bow Saw
24:59 Bodkin Arrow
25:21 Leather Archer Armor
26:55 Wheelbarrow
28:25 Hand Cart
32:18 Heavy Plow
33:49 Ballistics
37:44 Imperial Age
买彩票刮出欠条
4:43 Loom
11:13 Feudal Age
12:32 Double-Bit Axe
14:50 Castle Age
13:51 Scale Mail Armor
14:08 Man-at-Arms
15:23 Forging
15:48 Bow Saw
15:56 Chain Mail Armor
15:03 Long Swordsman
18:17 Horse Collar
22:27 Iron Casting
22:17 Squires
23:54 Wheelbarrow
32:00 Hand Cart
37:52 Imperial Age
36:26 Scale Barding Armor
Batlucky
10:15 Feudal Age
11:22 Double-Bit Axe
14:59 Fishing Lines
17:31 Fletching
20:08 Forging
23:12 Castle Age
20:59 Loom
21:16 Gold Mining
21:36 Man-at-Arms
24:18 Long Swordsman
26:42 Scale Mail Armor
BoaDelapool, "cocainita"
9:27 Loom
12:57 Feudal Age
13:41 Double-Bit Axe
17:32 Fletching
20:01 Castle Age
19:31 Scale Mail Armor
27:49 Forging
30:11 Gold Mining
33:56 Arson
33:58 Gambesons
Impeesa91
10:59 Feudal Age
12:16 Double-Bit Axe
21:31 Fishing Lines
26:11 Loom
Connection lost

Rejoining the realm…

Still unreachable

The connection could not be restored.

Session expired

The server has moved on; the page needs a fresh start.